Panthers vs Golden Knights
Created - April 11, 2024 at 22:37
Goals
|
| Panthers |
0 |
0 |
1 |
1 |
| Golden Knights |
1 |
1 |
1 |
3 |
|
Shots
|
| Panthers |
5 |
8 |
14 |
27 |
| Golden Knights |
12 |
16 |
11 |
39 |
|
1st period
1. Golden Knights , JT Compher 10 (Anton Lindholm 10) at 12:20
Penalties :
Tyler Bertuzzi (Veg) for Hooking (Minor) at 4:35, Marcus Johansson (Veg) for Hooking (Minor) at 9:22
2nd period
2. Golden Knights , Ryan Nugent-Hopkins 26 (Zach Bogosian 49, Brady Skjei 58) at 10:30
Penalties :
Kirill Kaprizov (Flo) for High sticking (Minor) at 10:33, Griffin Reinhart (Flo) for Holding (Minor) at 15:08, Matt Duchene (Flo) for Roughing (Double Minor) at 19:27
3rd period
3. Panthers , Mikkel Boedker 35 (Matt Duchene 68, Danny DeKeiser 10) at 8:29
4. Golden Knights , Zach Bogosian 15 (Andrei Loktionov 43) at 19:58 (PP)
Penalties :
Mikkel Boedker (Flo) for Boarding (Minor) at 19:32
Goalie Stats
Brian Elliott (Flo), 36 saves from 39 shots - (0.923), L, 11-16-2, 59:32 minutes
Cam Ward (Veg), 26 saves from 27 shots - (0.963), W, 30-19-0, 60:00 minutes
Players Stats for Panthers
Player Name G A P +/- PIM S H SB GA TA FO MP PP MP PK MP
------------------------------------------------------------------------------------
Alex Iafallo 0 0 0 0 0 1 1 0 0 0 1/1 17:24 0:00 2:24
Alex Pietrangelo 0 0 0 -1 0 4 1 0 2 0 0/0 25:53 2:26 5:03
Blake Geoffrion 0 0 0 0 0 0 1 0 0 0 0/0 7:52 0:00 1:07
Danny DeKeiser 0 1 1 -1 0 2 1 2 0 0 0/0 23:37 2:26 2:36
Dion Phaneuf 0 0 0 0 0 0 0 0 1 1 0/0 18:56 1:32 0:53
Griffin Reinhart 0 0 0 0 2 3 1 1 0 0 0/0 15:36 1:32 0:31
Jerry D'Amigo 0 0 0 0 0 0 0 0 0 0 0/0 6:45 0:00 0:00
Jordan Staal 0 0 0 -1 0 2 3 1 0 0 2/4 11:20 0:00 1:48
Kirill Kaprizov 0 0 0 -1 2 1 1 0 0 0 0/0 11:18 1:47 0:00
Kris Versteeg 0 0 0 0 0 1 3 0 0 0 3/4 23:15 2:11 4:35
Matt Duchene 0 1 1 0 4 4 0 0 1 0 10/19 19:22 2:11 0:00
Mikkel Boedker 1 0 1 0 2 5 0 1 0 1 0/0 19:22 2:11 0:00
Miro Aaltonen 0 0 0 0 0 2 3 0 0 0 3/14 18:05 1:47 2:08
Niklas Hansson 0 0 0 0 0 0 1 1 1 2 0/0 20:42 0:00 5:07
Petr Straka 0 0 0 -1 0 0 0 0 0 0 2/2 9:20 0:00 0:00
Quinton Howden 0 0 0 0 0 1 1 0 0 0 3/9 11:29 0:00 4:44
Ryan O'Byrne 0 0 0 0 0 0 1 2 0 0 0/0 15:20 0:00 2:36
Victor Oreskovich 0 0 0 0 0 1 2 0 0 0 1/1 15:57 1:47 0:00
Players Stats for Golden Knights
Player Name G A P +/- PIM S H SB GA TA FO MP PP MP PK MP
------------------------------------------------------------------------------------
Alex Tuch 0 0 0 1 0 1 0 0 0 0 3/3 15:37 3:07 0:00
Andrei Loktionov 0 1 1 -1 0 1 0 0 0 0 15/29 23:44 4:25 2:11
Andrew Cogliano 0 0 0 1 0 4 1 1 0 0 1/2 17:39 3:04 2:05
Anton Lindholm 0 1 1 1 0 0 1 0 0 0 0/0 11:47 0:04 0:00
Brady Skjei 0 1 1 0 0 5 1 1 2 1 0/0 26:31 4:59 2:02
Brendan Gallagher 0 0 0 -1 0 4 0 0 1 0 1/1 21:26 4:18 0:00
Christopher Tanev 0 0 0 0 0 1 0 2 0 0 0/0 21:42 3:20 1:56
Frederick Gaudreau 0 0 0 0 0 1 0 0 0 0 0/4 10:45 0:00 0:00
Jonathan Marchessault 0 0 0 1 0 1 0 0 0 0 0/0 8:36 0:48 0:36
JT Compher 1 0 1 1 0 2 0 0 0 0 0/0 8:10 0:58 0:00
Linus Omark 0 0 0 1 0 2 0 1 0 0 0/0 9:12 0:54 1:02
Marcus Johansson 0 0 0 -1 2 3 0 0 0 1 1/1 22:37 4:25 1:02
Olli Maatta 0 0 0 0 0 0 3 3 0 1 0/0 21:57 3:24 1:56
Philip Larsen 0 0 0 1 0 1 0 0 0 0 0/0 11:32 0:00 0:00
Ryan Nugent-Hopkins 1 0 1 1 0 2 0 1 0 0 7/12 16:44 3:10 1:00
Tyler Bertuzzi 0 0 0 0 2 1 5 0 0 0 0/1 10:45 0:00 0:00
Zach Bogosian 1 1 2 0 0 6 3 2 0 2 0/0 26:31 4:59 2:02
Zach Hyman 0 0 0 0 0 4 0 1 1 0 1/1 10:45 0:00 0:00
3 Stars
1 - Zach Bogosian (Veg)
2 - Cam Ward (Veg)
3 - Ryan Nugent-Hopkins (Veg)
Power Play
Panthers - 0 on 2 Attempt(s) - 0.00%
Golden Knights - 1 on 5 Attempt(s) - 20.00%
Penalty Kill
Panthers - 4 on 5 Attempt(s) - 80.00%
- Score 0 goal in Penalty Kill
Golden Knights - 2 on 2 Attempt(s) - 100.00%
- Score 0 goal in Penalty Kill
Team Stat
Panthers - Hits : 20 - Faceoff Wins : 25 - Blocked Shots : 8 - Penalty Minutes : 10
Golden Knights - Hits : 14 - Faceoff Wins : 29 - Blocked Shots : 12 - Penalty Minutes : 4
Official
Referees : Chris Lee and Jean Hebert
Linesman : Kiel Murchison and Julien Fournier
Game Notes
8:01 of 3rd period - Panthers goal is going for a video replay. After video review, No Goal. The puck has entered the net after making contact with an attacking player’s stick that is above the height of the crossbar.
Finance
Level 1 -- Attendance: 6000 (100.00%) -- Ticket Income $600,000
Level 2 -- Attendance: 5000 (100.00%) -- Ticket Income $300,000
Level 3 -- Attendance: 1918 (95.90%) -- Ticket Income $67,130
Level 4 -- Attendance: 3806 (95.15%) -- Ticket Income $95,150
Luxury Box -- Attendance: 975 (97.50%) -- Ticket Income $195,000
Game was played at the T-Mobile Arena.
Total Attendance: 17699 (98.33%)
Total Ticket Income: $1,257,280
Other Income: $188,592
Total Income: $1,445,872
Panthers
5 vs 5 Forward
Center Left Wing Right Wing Time % Phy DF OF
1 Matt Duchene Mikkel Boedker Kris Versteeg 40 0 2 3
2 Miro Aaltonen Alex Iafallo Victor Oreskovich 30 0 2 3
3 Jordan Staal Kirill Kaprizov Petr Straka 20 1 2 2
4 Quinton Howden Blake Geoffrion Jerry D'Amigo 10 1 2 2
5 vs 5 Defense
Defense Defense Time % Phy DF OF
1 Alex Pietrangelo Danny DeKeiser 40 0 2 3
2 Dion Phaneuf Niklas Hansson 30 0 2 3
3 Ryan O'Byrne Griffin Reinhart 20 1 2 2
4 Alex Pietrangelo Danny DeKeiser 10 0 2 3
PowerPlay Forward
Center Left Wing Right Wing Time % Phy DF OF
1 Matt Duchene Mikkel Boedker Kris Versteeg 60 0 1 4
2 Miro Aaltonen Kirill Kaprizov Victor Oreskovich 40 0 1 4
PowerPlay Defense
Defense Defense Time % Phy DF OF
1 Alex Pietrangelo Danny DeKeiser 60 0 2 3
2 Dion Phaneuf Griffin Reinhart 40 0 2 3
Penalty Kill 4 Players Forward
Center Wing Time % Phy DF OF
1 Quinton Howden Kris Versteeg 60 1 3 1
2 Miro Aaltonen Alex Iafallo 40 1 3 1
Penalty Kill 4 Players Defense
Defense Defense Time % Phy DF OF
1 Alex Pietrangelo Niklas Hansson 60 1 3 1
2 Danny DeKeiser Ryan O'Byrne 40 1 3 1
Penalty Kill - 3 Players Forward
Forward Time % Phy DF OF
1 Kris Versteeg 60 1 3 1
2 Quinton Howden 40 1 3 1
Penalty Kill - 3 Players Defense
Defense Defense Time % Phy DF OF
1 Alex Pietrangelo Niklas Hansson 60 1 3 1
2 Danny DeKeiser Ryan O'Byrne 40 1 3 1
4 vs 4 Forward
Center Wing Time % Phy DF OF
1 Matt Duchene Mikkel Boedker 60 0 2 3
2 Miro Aaltonen Kris Versteeg 40 0 2 3
4 vs 4 Defense
Defense Defense Time % Phy DF OF
1 Alex Pietrangelo Danny DeKeiser 60 0 2 3
2 Dion Phaneuf Niklas Hansson 40 1 2 2
Last Minutes Offensive
Center Left Wing Right Wing Defense Defense
Matt Duchene Mikkel Boedker Kris Versteeg Alex Pietrangelo Griffin Reinhart
Last Minutes Defensive
Center Left Wing Right Wing Defense Defense
Quinton Howden Alex Iafallo Kris Versteeg Danny DeKeiser Niklas Hansson
Goaltenders
Starting : Brian Elliott
Backup : Ville Husso
Extra Forwards
Normal : Kirill Kaprizov, Mikkel Boedker, Matt Duchene - PP : Kirill Kaprizov, Matt Duchene - PK : Miro Aaltonen
Extra Defensemen
Normal : Dion Phaneuf, Alex Pietrangelo, Niklas Hansson - PP : Alex Pietrangelo - PK : Dion Phaneuf, Niklas Hansson
Penalty Shots
Mikkel Boedker, Jordan Staal, Miro Aaltonen, Kris Versteeg, Matt Duchene
Custom OT Lines Forwards
Matt Duchene, Kris Versteeg, Alex Iafallo, Jordan Staal, Miro Aaltonen, Quinton Howden, Blake Geoffrion, Mikkel Boedker, Kirill Kaprizov, Petr Straka
Custom OT Lines Defensemen
Alex Pietrangelo, Dion Phaneuf, Niklas Hansson, Ryan O'Byrne, Danny DeKeiser
Scratches
Nikita Tryamkin (Healthy)
Golden Knights
5 vs 5 Forward
Center Left Wing Right Wing Time % Phy DF OF
1 Andrei Loktionov Marcus Johansson Brendan Gallagher 40 1 2 2
2 Ryan Nugent-Hopkins Andrew Cogliano Alex Tuch 30 0 2 3
3 Frederick Gaudreau Tyler Bertuzzi Zach Hyman 20 1 2 2
4 Jonathan Marchessault Linus Omark JT Compher 10 2 2 1
5 vs 5 Defense
Defense Defense Time % Phy DF OF
1 Brady Skjei Zach Bogosian 40 1 2 2
2 Olli Maatta Christopher Tanev 30 1 2 2
3 Anton Lindholm Philip Larsen 20 1 2 2
4 Brady Skjei Zach Bogosian 10 1 2 2
PowerPlay Forward
Center Left Wing Right Wing Time % Phy DF OF
1 Andrei Loktionov Marcus Johansson Brendan Gallagher 60 1 1 3
2 Ryan Nugent-Hopkins Andrew Cogliano Alex Tuch 40 1 1 3
PowerPlay Defense
Defense Defense Time % Phy DF OF
1 Brady Skjei Zach Bogosian 60 1 2 2
2 Olli Maatta Christopher Tanev 40 1 2 2
Penalty Kill 4 Players Forward
Center Wing Time % Phy DF OF
1 Andrei Loktionov Marcus Johansson 60 1 2 2
2 Ryan Nugent-Hopkins Andrew Cogliano 40 1 3 1
Penalty Kill 4 Players Defense
Defense Defense Time % Phy DF OF
1 Brady Skjei Zach Bogosian 60 1 2 2
2 Olli Maatta Christopher Tanev 40 1 3 1
Penalty Kill - 3 Players Forward
Forward Time % Phy DF OF
1 Andrei Loktionov 60 1 3 1
2 Ryan Nugent-Hopkins 40 0 4 1
Penalty Kill - 3 Players Defense
Defense Defense Time % Phy DF OF
1 Brady Skjei Zach Bogosian 60 1 3 1
2 Olli Maatta Christopher Tanev 40 1 3 1
4 vs 4 Forward
Center Wing Time % Phy DF OF
1 Andrei Loktionov Marcus Johansson 60 1 2 2
2 Ryan Nugent-Hopkins Andrew Cogliano 40 1 2 2
4 vs 4 Defense
Defense Defense Time % Phy DF OF
1 Brady Skjei Zach Bogosian 60 1 2 2
2 Olli Maatta Christopher Tanev 40 1 2 2
Last Minutes Offensive
Center Left Wing Right Wing Defense Defense
Andrei Loktionov Marcus Johansson Brendan Gallagher Brady Skjei Zach Bogosian
Last Minutes Defensive
Center Left Wing Right Wing Defense Defense
Andrei Loktionov Marcus Johansson Brendan Gallagher Brady Skjei Zach Bogosian
Goaltenders
Starting : Cam Ward
Backup : Laurent Brossoit
Extra Forwards
Normal : Andrew Cogliano, Alex Tuch, Zach Hyman - PP : Andrew Cogliano, Alex Tuch - PK : Andrew Cogliano
Extra Defensemen
Normal : Christopher Tanev, Anton Lindholm, Philip Larsen - PP : Christopher Tanev - PK : Christopher Tanev, Anton Lindholm
Penalty Shots
Brendan Gallagher, Andrei Loktionov, Ryan Nugent-Hopkins, Marcus Johansson, Andrew Cogliano
Custom OT Lines Forwards
Brendan Gallagher, Andrei Loktionov, Ryan Nugent-Hopkins, Marcus Johansson, Andrew Cogliano, Alex Tuch, Zach Hyman, Tyler Bertuzzi, JT Compher, Linus Omark
Custom OT Lines Defensemen
Brady Skjei, Zach Bogosian, Olli Maatta, Christopher Tanev, Anton Lindholm
Scratches
Brandon Dubinsky (Healthy), Gabriel Bourque (Healthy), Jamie Oleksiak (Healthy)
% Time on Ice - Panthers
Lines # - Real PCT - Wanted PCT - Time Play
Normal Forward
1 - 37% - 40% - 17:24
2 - 30% - 30% - 14:10
3 - 20% - 20% - 9:20
4 - 14% - 10% - 6:45
Normal Defense
1 - 40% - 40% - 19:05
2 - 31% - 30% - 14:44
3 - 27% - 20% - 12:44
4 - 2% - 10% - 1:06
PP Forward
1 - 55% - 60% - 2:11
2 - 45% - 40% - 1:47
PP Defense
1 - 61% - 60% - 2:26
2 - 39% - 40% - 1:32
PK Forward
1 - 85% - 60% - 7:08
2 - 15% - 40% - 1:15
PK Defense
1 - 69% - 60% - 5:47
2 - 31% - 40% - 2:36
PK3 Forward
1 - 0% - 60%
2 - 0% - 40%
PK3 Defense
1 - 0% - 60%
2 - 0% - 40%
44 Forward
1 - 0% - 60%
2 - 0% - 40%
44 Defense
1 - 0% - 60%
2 - 0% - 40%
Last Minute Offensive - 0:00
Last Minute Defensive - 0:00
Total
Forward - 60:00
Defense - 60:00
|
% Time on Ice - Golden Knights
Lines # - Real PCT - Wanted PCT - Time Play
Normal Forward
1 - 35% - 40% - 16:37
2 - 27% - 30% - 12:34
3 - 23% - 20% - 10:45
4 - 15% - 10% - 7:01
Normal Defense
1 - 36% - 40% - 17:07
2 - 35% - 30% - 16:37
3 - 25% - 20% - 11:32
4 - 4% - 10% - 1:41
PP Forward
1 - 62% - 60% - 5:13
2 - 38% - 40% - 3:10
PP Defense
1 - 59% - 60% - 4:59
2 - 41% - 40% - 3:24
PK Forward
1 - 75% - 60% - 2:58
2 - 25% - 40% - 1:00
PK Defense
1 - 51% - 60% - 2:02
2 - 49% - 40% - 1:56
PK3 Forward
1 - 0% - 60%
2 - 0% - 40%
PK3 Defense
1 - 0% - 60%
2 - 0% - 40%
44 Forward
1 - 0% - 60%
2 - 0% - 40%
44 Defense
1 - 0% - 60%
2 - 0% - 40%
Last Minute Offensive - 0:00
Last Minute Defensive - 0:42
Total
Forward - 60:00
Defense - 60:00
|
Play-by-Play
1st period
0:01 of 1st period - Matt Duchene wins face-off versus Andrei Loktionov in neutral zone.
0:35 of 1st period - Snap shot by Alex Iafallo.
0:35 of 1st period - Stopped by Cam Ward without a rebound.
0:36 of 1st period - Petr Straka wins face-off versus Tyler Bertuzzi in Golden Knights zone.
1:07 of 1st period - JT Compher is hit by Quinton Howden and loses puck.
1:31 of 1st period - Wrist shot by Brendan Gallagher.
1:31 of 1st period - Stopped by Brian Elliott with a rebound.
1:33 of 1st period - Slapshot by Philip Larsen.
1:33 of 1st period - Deflect By Mikkel Boedker.
1:33 of 1st period - Stopped by Brian Elliott without a rebound.
1:34 of 1st period - Miro Aaltonen wins face-off versus Ryan Nugent-Hopkins in Panthers zone.
2:35 of 1st period - Slapshot by Zach Bogosian.
2:35 of 1st period - Deflect By Matt Duchene.
2:35 of 1st period - Stopped by Brian Elliott with a rebound.
2:37 of 1st period - Wrist shot by Zach Hyman.
2:37 of 1st period - Stopped by Brian Elliott without a rebound.
2:38 of 1st period - Alex Tuch wins face-off versus Miro Aaltonen in Panthers zone.
3:08 of 1st period - Wrist shot by Marcus Johansson.
3:08 of 1st period - Deflect By Brendan Gallagher.
3:08 of 1st period - Shot Misses the Net.
3:08 of 1st period - Puck is out of play.
3:09 of 1st period - Andrei Loktionov wins face-off versus Matt Duchene in Panthers zone.
3:42 of 1st period - Snap shot by JT Compher.
3:42 of 1st period - Shot Misses the Net.
3:44 of 1st period - Wrist shot by Jonathan Marchessault.
3:44 of 1st period - Stopped by Brian Elliott with a rebound.
4:35 of 1st period - Minor Penalty to Tyler Bertuzzi for Hooking.
4:36 of 1st period - Matt Duchene wins face-off versus Andrei Loktionov in Golden Knights zone.
5:11 of 1st period - Slapshot by Victor Oreskovich.
5:11 of 1st period - Shot Misses the Net.
6:35 of 1st period - Penalty to Tyler Bertuzzi is over, Tyler Bertuzzi is back on ice.
7:07 of 1st period - Wrist shot by JT Compher.
7:07 of 1st period - Shot Blocked by Jordan Staal.
7:11 of 1st period - Slapshot by Linus Omark.
7:11 of 1st period - Stopped by Brian Elliott with a rebound.
7:13 of 1st period - Slapshot by Anton Lindholm.
7:13 of 1st period - Shot Misses the Net.
7:23 of 1st period - Zach Bogosian is hit by Griffin Reinhart.
8:34 of 1st period - Snap shot by Andrew Cogliano.
8:34 of 1st period - Deflect By Quinton Howden.
8:34 of 1st period - Shot Blocked by Griffin Reinhart.
8:34 of 1st period - Puck is out of play.
8:35 of 1st period - Alex Iafallo wins face-off versus Andrei Loktionov in Panthers zone.
9:22 of 1st period - Minor Penalty to Marcus Johansson for Hooking.
9:23 of 1st period - Matt Duchene wins face-off versus Andrei Loktionov in Golden Knights zone.
9:30 of 1st period - Slapshot by Alex Pietrangelo.
9:30 of 1st period - Stopped by Cam Ward without a rebound.
9:31 of 1st period - Matt Duchene wins face-off versus Andrei Loktionov in Golden Knights zone.
10:24 of 1st period - Slapshot by Alex Pietrangelo.
10:24 of 1st period - Shot Blocked by Brady Skjei.
10:26 of 1st period - Wrist shot by Mikkel Boedker.
10:26 of 1st period - Shot Blocked by Linus Omark.
10:28 of 1st period - Slapshot by Danny DeKeiser.
10:28 of 1st period - Stopped by Cam Ward without a rebound.
10:29 of 1st period - Ryan Nugent-Hopkins wins face-off versus Miro Aaltonen in Golden Knights zone.
10:40 of 1st period - Zach Bogosian is hit by Miro Aaltonen and loses puck.
10:55 of 1st period - Victor Oreskovich is hit by Zach Bogosian and loses puck.
11:22 of 1st period - Penalty to Marcus Johansson is over, Marcus Johansson is back on ice.
12:15 of 1st period - Kirill Kaprizov is hit by Anton Lindholm and loses puck.
12:20 of 1st period - Backhand shot by JT Compher.
12:20 of 1st period - Goal by JT Compher - Panthers : 0 - Golden Knights : 1.
12:21 of 1st period - Alex Tuch wins face-off versus Matt Duchene in neutral zone.
12:48 of 1st period - Brendan Gallagher is hit by Alex Pietrangelo and loses puck.
13:11 of 1st period - Wrist shot by Linus Omark.
13:11 of 1st period - Stopped by Brian Elliott with a rebound.
14:40 of 1st period - Slapshot by Dion Phaneuf.
14:40 of 1st period - Shot Misses the Net.
15:21 of 1st period - Jerry D'Amigo is hit by Tyler Bertuzzi and loses puck.
16:10 of 1st period - Snap shot by JT Compher.
16:10 of 1st period - Stopped by Brian Elliott with a rebound.
16:12 of 1st period - Wrist shot by Christopher Tanev.
16:12 of 1st period - Stopped by Brian Elliott with a rebound.
16:14 of 1st period - Snap shot by JT Compher.
16:14 of 1st period - Shot Misses the Net.
16:49 of 1st period - Off-side.
16:50 of 1st period - Andrei Loktionov wins face-off versus Kris Versteeg in neutral zone.
16:53 of 1st period - Snap shot by Brendan Gallagher.
16:53 of 1st period - Stopped by Brian Elliott without a rebound.
16:54 of 1st period - Matt Duchene wins face-off versus Andrei Loktionov in Panthers zone.
17:08 of 1st period - Off-side.
17:09 of 1st period - Victor Oreskovich wins face-off versus Ryan Nugent-Hopkins in neutral zone.
17:18 of 1st period - Wrist shot by Miro Aaltonen.
17:18 of 1st period - Shot Blocked by Andrew Cogliano.
19:13 of 1st period - Off-side.
19:14 of 1st period - Ryan Nugent-Hopkins wins face-off versus Jordan Staal in neutral zone.
19:21 of 1st period - Snap shot by Ryan Nugent-Hopkins.
19:21 of 1st period - Deflect By Andrew Cogliano.
19:21 of 1st period - Stopped by Brian Elliott with a rebound.
19:39 of 1st period - Zach Bogosian is hit by Kris Versteeg and loses puck.
19:44 of 1st period - Wrist shot by Matt Duchene.
19:44 of 1st period - Stopped by Cam Ward with a rebound.
19:46 of 1st period - Snap shot by Mikkel Boedker.
19:46 of 1st period - Stopped by Cam Ward without a rebound.
19:47 of 1st period - Andrei Loktionov wins face-off versus Matt Duchene in Golden Knights zone.
Goals for this period are 0 for Panthers vs 1 for Golden Knights.
Shots for this period are 5 for Panthers vs 12 for Golden Knights.
2nd period
0:01 of 2nd period - Andrei Loktionov wins face-off versus Miro Aaltonen in neutral zone.
0:03 of 2nd period - Zach Bogosian is hit by Danny DeKeiser.
0:37 of 2nd period - Snap shot by Mikkel Boedker.
0:37 of 2nd period - Stopped by Cam Ward without a rebound.
0:38 of 2nd period - Andrei Loktionov wins face-off versus Matt Duchene in Golden Knights zone.
0:50 of 2nd period - Icing by Dion Phaneuf.
0:51 of 2nd period - Matt Duchene wins face-off versus Andrei Loktionov in Panthers zone.
0:56 of 2nd period - Backhand shot by Kris Versteeg.
0:56 of 2nd period - Stopped by Cam Ward with a rebound.
1:06 of 2nd period - Mikkel Boedker is hit by Zach Bogosian and loses puck.
1:49 of 2nd period - Snap shot by Zach Hyman.
1:49 of 2nd period - Stopped by Brian Elliott with a rebound.
3:55 of 2nd period - Ryan O'Byrne is hit by Tyler Bertuzzi and loses puck.
4:02 of 2nd period - Wrist shot by Zach Hyman.
4:02 of 2nd period - Stopped by Brian Elliott with a rebound.
4:04 of 2nd period - Snap shot by Tyler Bertuzzi.
4:04 of 2nd period - Stopped by Brian Elliott with a rebound.
4:06 of 2nd period - Snap shot by Anton Lindholm.
4:06 of 2nd period - Shot Blocked by Ryan O'Byrne.
4:20 of 2nd period - Slapshot by Ryan Nugent-Hopkins.
4:20 of 2nd period - Stopped by Brian Elliott with a rebound.
4:50 of 2nd period - Snap shot by Mikkel Boedker.
4:50 of 2nd period - Shot Blocked by Zach Bogosian.
4:52 of 2nd period - Wrist shot by Matt Duchene.
4:52 of 2nd period - Stopped by Cam Ward without a rebound.
4:53 of 2nd period - Andrei Loktionov wins face-off versus Miro Aaltonen in Golden Knights zone.
5:18 of 2nd period - Mikkel Boedker is hit by Andrew Cogliano and loses puck.
5:27 of 2nd period - Slapshot by Brady Skjei.
5:27 of 2nd period - Stopped by Brian Elliott without a rebound.
5:28 of 2nd period - Ryan Nugent-Hopkins wins face-off versus Miro Aaltonen in Panthers zone.
5:39 of 2nd period - Slapshot by Zach Bogosian.
5:39 of 2nd period - Deflect By Alex Iafallo.
5:39 of 2nd period - Stopped by Brian Elliott without a rebound.
5:40 of 2nd period - Andrei Loktionov wins face-off versus Matt Duchene in Panthers zone.
5:53 of 2nd period - Slapshot by Danny DeKeiser.
5:53 of 2nd period - Deflect By Matt Duchene.
5:53 of 2nd period - Stopped by Cam Ward without a rebound.
5:54 of 2nd period - Matt Duchene wins face-off versus Andrei Loktionov in Golden Knights zone.
6:17 of 2nd period - Icing by Matt Duchene.
6:18 of 2nd period - Ryan Nugent-Hopkins wins face-off versus Matt Duchene in Panthers zone.
6:21 of 2nd period - Snap shot by Alex Tuch.
6:21 of 2nd period - Deflect By Andrew Cogliano.
6:21 of 2nd period - Stopped by Brian Elliott with a rebound.
6:25 of 2nd period - Snap shot by Ryan Nugent-Hopkins.
6:25 of 2nd period - Shot Misses the Net.
6:35 of 2nd period - Slapshot by Danny DeKeiser.
6:35 of 2nd period - Shot Misses the Net.
6:37 of 2nd period - Snap shot by Matt Duchene.
6:37 of 2nd period - Stopped by Cam Ward with a rebound.
6:52 of 2nd period - Slapshot by Olli Maatta.
6:52 of 2nd period - Shot Blocked by Danny DeKeiser.
6:54 of 2nd period - Slapshot by Olli Maatta.
6:54 of 2nd period - Shot Blocked by Danny DeKeiser.
6:56 of 2nd period - Wrist shot by Brendan Gallagher.
6:56 of 2nd period - Stopped by Brian Elliott with a rebound.
7:06 of 2nd period - Snap shot by Mikkel Boedker.
7:06 of 2nd period - Shot Misses the Net.
7:08 of 2nd period - Slapshot by Alex Pietrangelo.
7:08 of 2nd period - Stopped by Cam Ward without a rebound.
7:09 of 2nd period - Miro Aaltonen wins face-off versus Frederick Gaudreau in Golden Knights zone.
7:26 of 2nd period - Victor Oreskovich is hit by Tyler Bertuzzi and loses puck.
7:35 of 2nd period - Niklas Hansson is hit by Tyler Bertuzzi and loses puck.
7:49 of 2nd period - Icing by Alex Iafallo.
7:50 of 2nd period - Andrei Loktionov wins face-off versus Miro Aaltonen in Panthers zone.
8:41 of 2nd period - Snap shot by Miro Aaltonen.
8:41 of 2nd period - Stopped by Cam Ward with a rebound.
9:50 of 2nd period - Snap shot by Marcus Johansson.
9:50 of 2nd period - Stopped by Brian Elliott without a rebound.
9:51 of 2nd period - Ryan Nugent-Hopkins wins face-off versus Matt Duchene in Panthers zone.
9:56 of 2nd period - Slapshot by Brady Skjei.
9:56 of 2nd period - Deflect By Ryan Nugent-Hopkins.
9:56 of 2nd period - Shot Misses the Net.
9:56 of 2nd period - Puck is out of play.
9:57 of 2nd period - Kris Versteeg wins face-off versus Ryan Nugent-Hopkins in Panthers zone.
10:22 of 2nd period - Slapshot by Brady Skjei.
10:22 of 2nd period - Stopped by Brian Elliott with a rebound.
10:28 of 2nd period - Slapshot by Zach Bogosian.
10:28 of 2nd period - Stopped by Brian Elliott with a rebound.
10:30 of 2nd period - Slapshot by Zach Bogosian.
10:30 of 2nd period - Deflect By Ryan Nugent-Hopkins.
10:30 of 2nd period - Goal by Ryan Nugent-Hopkins - Panthers : 0 - Golden Knights : 2.
10:31 of 2nd period - Jordan Staal wins face-off versus Frederick Gaudreau in neutral zone.
10:33 of 2nd period - Minor Penalty to Kirill Kaprizov for High sticking.
10:34 of 2nd period - Quinton Howden wins face-off versus Andrew Cogliano in Panthers zone.
12:06 of 2nd period - Zach Bogosian is hit by Miro Aaltonen and loses puck.
12:33 of 2nd period - Penalty to Kirill Kaprizov is over, Kirill Kaprizov is back on ice.
14:17 of 2nd period - Slapshot by Alex Pietrangelo.
14:17 of 2nd period - Stopped by Cam Ward with a rebound.
15:08 of 2nd period - Minor Penalty to Griffin Reinhart for Holding.
15:09 of 2nd period - Marcus Johansson wins face-off versus Quinton Howden in Panthers zone.
15:23 of 2nd period - Wrist shot by Andrei Loktionov.
15:23 of 2nd period - Stopped by Brian Elliott with a rebound.
15:25 of 2nd period - Snap shot by Marcus Johansson.
15:25 of 2nd period - Stopped by Brian Elliott without a rebound.
15:26 of 2nd period - Andrei Loktionov wins face-off versus Quinton Howden in Panthers zone.
15:39 of 2nd period - Slapshot by Brady Skjei.
15:39 of 2nd period - Stopped by Brian Elliott without a rebound.
15:40 of 2nd period - Andrei Loktionov wins face-off versus Quinton Howden in Panthers zone.
15:43 of 2nd period - Snap shot by Marcus Johansson.
15:43 of 2nd period - Shot Misses the Net.
16:42 of 2nd period - Quinton Howden is hit by Olli Maatta and loses puck.
17:03 of 2nd period - Andrei Loktionov is hit by Jordan Staal and loses puck.
17:08 of 2nd period - Penalty to Griffin Reinhart is over, Griffin Reinhart is back on ice.
17:50 of 2nd period - Wrist shot by Philip Larsen.
17:50 of 2nd period - Shot Blocked by Mikkel Boedker.
18:06 of 2nd period - Philip Larsen is hit by Victor Oreskovich and loses puck.
19:27 of 2nd period - Double Minor Penalty to Matt Duchene for Roughing.
19:28 of 2nd period - Quinton Howden wins face-off versus Andrei Loktionov in Panthers zone.
19:40 of 2nd period - Snap shot by Brady Skjei.
19:40 of 2nd period - Stopped by Brian Elliott without a rebound.
19:41 of 2nd period - Andrei Loktionov wins face-off versus Quinton Howden in Panthers zone.
Goals for this period are 0 for Panthers vs 1 for Golden Knights.
Shots for this period are 8 for Panthers vs 16 for Golden Knights.
3rd period
0:01 of 3rd period - Brendan Gallagher wins face-off versus Quinton Howden in neutral zone.
0:26 of 3rd period - Alex Iafallo is hit by Zach Bogosian and loses puck.
0:31 of 3rd period - Snap shot by Ryan Nugent-Hopkins.
0:31 of 3rd period - Shot Misses the Net.
3:09 of 3rd period - Alex Pietrangelo is hit by Olli Maatta and loses puck.
3:27 of 3rd period - Penalty to Matt Duchene is over, Matt Duchene is back on ice.
4:07 of 3rd period - Anton Lindholm is hit by Blake Geoffrion and loses puck.
4:37 of 3rd period - Christopher Tanev is hit by Jordan Staal and loses puck.
4:50 of 3rd period - Christopher Tanev is hit by Miro Aaltonen and loses puck.
4:57 of 3rd period - Snap shot by Brendan Gallagher.
4:57 of 3rd period - Stopped by Brian Elliott with a rebound.
5:21 of 3rd period - Icing by Jonathan Marchessault.
5:22 of 3rd period - Miro Aaltonen wins face-off versus Frederick Gaudreau in Golden Knights zone.
5:29 of 3rd period - Snap shot by Miro Aaltonen.
5:29 of 3rd period - Stopped by Cam Ward without a rebound.
5:30 of 3rd period - Matt Duchene wins face-off versus Ryan Nugent-Hopkins in Golden Knights zone.
5:37 of 3rd period - Snap shot by Matt Duchene.
5:37 of 3rd period - Shot Misses the Net.
5:43 of 3rd period - Wrist shot by Brady Skjei.
5:43 of 3rd period - Deflect By Ryan O'Byrne.
5:43 of 3rd period - Stopped by Brian Elliott with a rebound.
5:45 of 3rd period - Slapshot by Zach Bogosian.
5:45 of 3rd period - Stopped by Brian Elliott with a rebound.
5:59 of 3rd period - Zach Bogosian is hit by Alex Iafallo and loses puck.
6:18 of 3rd period - Brendan Gallagher is hit by Ryan O'Byrne and loses puck.
6:27 of 3rd period - Snap shot by Griffin Reinhart.
6:27 of 3rd period - Stopped by Cam Ward with a rebound.
7:25 of 3rd period - Icing by Miro Aaltonen.
7:26 of 3rd period - Zach Hyman wins face-off versus Miro Aaltonen in Panthers zone.
7:53 of 3rd period - Snap shot by Miro Aaltonen.
7:53 of 3rd period - Shot Blocked by Zach Bogosian.
7:59 of 3rd period - Snap shot by Alex Iafallo.
7:59 of 3rd period - Shot Blocked by Zach Hyman.
8:01 of 3rd period - Snap shot by Victor Oreskovich.
8:01 of 3rd period - Deflect By Brady Skjei.
8:01 of 3rd period - Panthers goal is going for a video replay.
8:01 of 3rd period - The goal is refused. The puck has entered the net after making contact with an attacking player’s stick that is above the height of the crossbar..
8:02 of 3rd period - Andrei Loktionov wins face-off versus Matt Duchene in Golden Knights zone.
8:15 of 3rd period - Wrist shot by Marcus Johansson.
8:15 of 3rd period - Stopped by Brian Elliott without a rebound.
8:16 of 3rd period - Matt Duchene wins face-off versus Andrei Loktionov in Panthers zone.
8:16 of 3rd period - Danny DeKeiser is hit by Brady Skjei and loses puck.
8:29 of 3rd period - Snap shot by Mikkel Boedker.
8:29 of 3rd period - Goal by Mikkel Boedker - Panthers : 1 - Golden Knights : 2.
8:30 of 3rd period - Matt Duchene wins face-off versus Andrei Loktionov in neutral zone.
8:33 of 3rd period - Zach Bogosian is hit by Kris Versteeg and loses puck.
8:59 of 3rd period - Off-side.
9:00 of 3rd period - Ryan Nugent-Hopkins wins face-off versus Miro Aaltonen in neutral zone.
9:16 of 3rd period - Alex Tuch is hit by Niklas Hansson and loses puck.
9:35 of 3rd period - Wrist shot by Andrew Cogliano.
9:35 of 3rd period - Shot Misses the Net.
9:47 of 3rd period - Slapshot by Miro Aaltonen.
9:47 of 3rd period - Shot Misses the Net.
9:57 of 3rd period - Wrist shot by Andrew Cogliano.
9:57 of 3rd period - Shot Misses the Net.
10:09 of 3rd period - Wrist shot by Andrew Cogliano.
10:09 of 3rd period - Stopped by Brian Elliott with a rebound.
10:11 of 3rd period - Backhand shot by Alex Tuch.
10:11 of 3rd period - Stopped by Brian Elliott without a rebound.
10:12 of 3rd period - Kris Versteeg wins face-off versus Andrei Loktionov in Panthers zone.
10:19 of 3rd period - Slapshot by Andrei Loktionov.
10:19 of 3rd period - Shot Misses the Net.
11:21 of 3rd period - Brady Skjei is hit by Kris Versteeg.
11:53 of 3rd period - Griffin Reinhart is hit by Olli Maatta and loses puck.
12:00 of 3rd period - Snap shot by Ryan O'Byrne.
12:00 of 3rd period - Shot Blocked by Christopher Tanev.
12:02 of 3rd period - Slapshot by Jordan Staal.
12:02 of 3rd period - Shot Blocked by Olli Maatta.
12:04 of 3rd period - Snap shot by Griffin Reinhart.
12:04 of 3rd period - Stopped by Cam Ward with a rebound.
12:20 of 3rd period - Wrist shot by Kirill Kaprizov.
12:20 of 3rd period - Stopped by Cam Ward with a rebound.
12:22 of 3rd period - Snap shot by Jordan Staal.
12:22 of 3rd period - Stopped by Cam Ward with a rebound.
12:24 of 3rd period - Wrist shot by Kirill Kaprizov.
12:24 of 3rd period - Shot Misses the Net.
12:26 of 3rd period - Slapshot by Ryan O'Byrne.
12:26 of 3rd period - Shot Misses the Net.
12:28 of 3rd period - Slapshot by Kirill Kaprizov.
12:28 of 3rd period - Shot Hit the Post.
12:30 of 3rd period - Slapshot by Griffin Reinhart.
12:30 of 3rd period - Shot Hit the Post.
12:36 of 3rd period - Slapshot by Kirill Kaprizov.
12:36 of 3rd period - Shot Misses the Net.
12:38 of 3rd period - Slapshot by Griffin Reinhart.
12:38 of 3rd period - Stopped by Cam Ward with a rebound.
12:40 of 3rd period - Wrist shot by Jordan Staal.
12:40 of 3rd period - Deflect By Andrei Loktionov.
12:40 of 3rd period - Stopped by Cam Ward without a rebound.
12:41 of 3rd period - Kris Versteeg wins face-off versus Ryan Nugent-Hopkins in Golden Knights zone.
13:09 of 3rd period - Icing by Philip Larsen.
13:10 of 3rd period - Ryan Nugent-Hopkins wins face-off versus Miro Aaltonen in Golden Knights zone.
13:27 of 3rd period - Snap shot by Marcus Johansson.
13:27 of 3rd period - Shot Blocked by Niklas Hansson.
13:37 of 3rd period - Mikkel Boedker is hit by Tyler Bertuzzi and loses puck.
14:04 of 3rd period - Wrist shot by Quinton Howden.
14:04 of 3rd period - Stopped by Cam Ward without a rebound.
14:05 of 3rd period - Andrei Loktionov wins face-off versus Miro Aaltonen in Golden Knights zone.
14:11 of 3rd period - Brady Skjei is hit by Victor Oreskovich and loses puck.
14:40 of 3rd period - Wrist shot by Mikkel Boedker.
14:40 of 3rd period - Stopped by Cam Ward without a rebound.
14:41 of 3rd period - Andrei Loktionov wins face-off versus Miro Aaltonen in Golden Knights zone.
14:55 of 3rd period - Slapshot by Alex Pietrangelo.
14:55 of 3rd period - Stopped by Cam Ward without a rebound.
14:56 of 3rd period - Alex Tuch wins face-off versus Matt Duchene in Golden Knights zone.
15:03 of 3rd period - Snap shot by Mikkel Boedker.
15:03 of 3rd period - Stopped by Cam Ward with a rebound.
15:05 of 3rd period - Snap shot by Mikkel Boedker.
15:05 of 3rd period - Shot Blocked by Ryan Nugent-Hopkins.
15:07 of 3rd period - Wrist shot by Mikkel Boedker.
15:07 of 3rd period - Shot Misses the Net.
15:09 of 3rd period - Slapshot by Danny DeKeiser.
15:09 of 3rd period - Stopped by Cam Ward without a rebound.
15:10 of 3rd period - Andrei Loktionov wins face-off versus Jordan Staal in Golden Knights zone.
15:10 of 3rd period - Andrei Loktionov is hit by Kirill Kaprizov.
15:47 of 3rd period - Snap shot by Frederick Gaudreau.
15:47 of 3rd period - Stopped by Brian Elliott with a rebound.
17:08 of 3rd period - Snap shot by Tyler Bertuzzi.
17:08 of 3rd period - Shot Misses the Net.
17:10 of 3rd period - Slapshot by Zach Hyman.
17:10 of 3rd period - Stopped by Brian Elliott with a rebound.
18:07 of 3rd period - Off-side.
18:08 of 3rd period - Jordan Staal wins face-off versus Andrei Loktionov in neutral zone.
18:11 of 3rd period - Brendan Gallagher is hit by Jordan Staal and loses puck.
18:18 of 3rd period - Slapshot by Kirill Kaprizov.
18:18 of 3rd period - Shot Blocked by Olli Maatta.
18:20 of 3rd period - Snap shot by Ryan O'Byrne.
18:20 of 3rd period - Shot Misses the Net.
18:22 of 3rd period - Slapshot by Griffin Reinhart.
18:22 of 3rd period - Shot Blocked by Christopher Tanev.
18:24 of 3rd period - Wrist shot by Jordan Staal.
18:24 of 3rd period - Shot Blocked by Olli Maatta.
19:05 of 3rd period - Panthers, Brian Elliott is pulled from the net.
19:30 of 3rd period - Wrist shot by Brendan Gallagher.
19:30 of 3rd period - Shot Blocked by Ryan O'Byrne.
19:32 of 3rd period - Minor Penalty to Mikkel Boedker for Boarding.
19:33 of 3rd period - Brian Elliott from Panthers was sent back in the game.
19:33 of 3rd period - Andrew Cogliano wins face-off versus Quinton Howden in Panthers zone.
19:44 of 3rd period - Snap shot by Andrew Cogliano.
19:44 of 3rd period - Stopped by Brian Elliott without a rebound.
19:45 of 3rd period - Alain Vigneault call a timeout for Panthers.
19:45 of 3rd period - Quinton Howden wins face-off versus Andrei Loktionov in Panthers zone.
19:56 of 3rd period - Slapshot by Zach Bogosian.
19:56 of 3rd period - Deflect By Kris Versteeg.
19:56 of 3rd period - Stopped by Brian Elliott with a rebound.
19:58 of 3rd period - Slapshot by Zach Bogosian.
19:58 of 3rd period - Goal by Zach Bogosian - Panthers : 1 - Golden Knights : 3.
19:59 of 3rd period - Petr Straka wins face-off versus Frederick Gaudreau in neutral zone.
Goals for this period are 1 for Panthers vs 1 for Golden Knights.
Shots for this period are 14 for Panthers vs 11 for Golden Knights.
Output by the SimonT Hockey Simulator (STHS) for Francois Prevost